Cogmind - Beta 16.1 @@@ ROGUE MODE // 2026.03.25 @ 20:12:51 Player: Lorraine Result: Self-destructed Performance ------------- Evolutions (1) 500 Regions Visited (3) 600 Robots Destroyed (14) 70 Value Destroyed (274) 274 Prototype IDs (3) 60 Alien Tech Used (0) 0 Bonus (0) 0 TOTAL SCORE: 1504 Bonus ------- None Cogmind --------- Core Integrity 280/400 Matter 253/300 Energy 265/265 System Corruption 4% Temperature Cool (0) Movement Treading (160) Location -9/Materials Parts ------- > --- POWER (2) -------- Reinforced Ion Engine > --- PROPULSION (3) --- Light Treads Light Treads Light Treads > --- UTILITY (2) ------ Heat Sink Large Storage Unit > --- WEAPON (2) ------- (None) > --- INVENTORY (15) --- Hover Unit Heat Sink Small Storage Unit Medium Storage Unit Utility Shielding Light Armor Plating Heavy Hammer Proton Bomb Trap Proton Bomb Trap Peak State ------------ > --- POWER ------------ Reinforced Ion Engine > --- PROPULSION ------- Light Treads Light Treads Light Treads > --- UTILITY ---------- Heat Sink Large Storage Unit > --- WEAPON ----------- Mining Laser Mining Laser > --- INVENTORY -------- Hover Unit Heat Sink Small Storage Unit Medium Storage Unit Utility Shielding Light Armor Plating Heavy Hammer Proton Bomb Trap Proton Bomb Trap [Rating: 10] Favorites ----------- Power Ion Engine Engine Ion Engine Propulsion Aluminum Leg Treads Light Treads Leg Aluminum Leg Wheel Wheel Utility Small Storage Unit Device Heat Sink Storage Small Storage Unit Protection Backup Plating I Weapon Light Assault Rifle Ballistic Gun Light Assault Rifle Special Weapon Mining Laser Build | -11 -10 -10 -9 ------- Run | Yrd Mat Min Mat Slots Evolved 2 | . . . 2 Power 1 | . . . 1 Propulsion 1 | . . . 1 Utility . | . . . . Weapon . | . . . . Parts Attached 18 | 6 2 . 10 Power 3 | 1 . . 2 Engine 3 | 1 . . 2 Core . | . . . . Reactor . | . . . . Propulsion 7 | 2 2 . 3 Treads 3 | . . . 3 Leg 2 | . 2 . . Wheel 2 | 2 . . . Hover . | . . . . Flight . | . . . . Utility 4 | 1 . . 3 Device 1 | . . . 1 Storage 3 | 1 . . 2 Processor . | . . . . Hackware . | . . . . Protection . | . . . . Artifact . | . . . . Weapon 4 | 2 . . 2 Energy Gun . | . . . . Energy Cannon . | . . . . Ballistic Gun 2 | 2 . . . Ballistic Cannon . | . . . . Launcher . | . . . . Special Weapon 2 | . . . 2 Impact Weapon . | . . . . Slashing Weapon . | . . . . Piercing Weapon . | . . . . Special Melee Weapon . | . . . . Unidentified Prototypes . | . . . . Parts Lost 9 | . . 1 8 Power 2 | . . . 2 Propulsion 2 | . . . 2 Utility 1 | . . 1 . Weapon 4 | . . . 4 Highest Loss Streak 6 | . . 1 6 To Critical Strikes . | . . . . Average Backups 6 | 3 6 7 5 Power . | . 1 1 . Propulsion 2 | 2 3 2 1 Utility 1 | . 1 1 3 Weapon 1 | . 1 2 . Tool/Special . | . . . . Unused Backups 8 | . 1 2 5 Power . | . . . . Propulsion 2 | . . 1 1 Utility 4 | . 1 . 3 Weapon 2 | . . 1 1 Tool/Special . | . . . . Average Slot Usage (%) 89 | . 95 95 78 Engine 13 | . 14 14 12 Treads 7 | . . . 20 Leg 15 | . 11 28 5 Wheel 4 | . 16 . . Device 2 | . . . 6 Storage 12 | . 14 14 11 Protection 6 | . 10 9 . Ballistic Gun 19 | . 27 28 5 Special Weapon 5 | . . . 16 Peak Build Rating 10 | 6 8 7 10 Average Rating 7 | 5 6 6 8 On Entrance 4 | . 6 7 6 Avg Prop Armor Cover (%) 7 | . 7 . . Naked Turns . | . . . . Heaviest Build 33 | 13 14 14 33 Greatest Support 60 | 26 26 20 60 Greatest Overweight (x) 5 | 1 1 . 5 Average Overweight (x) . | . . . . Largest Inventory Capacity 15 | 8 8 8 15 Average Capacity 8 | 7 8 8 10 Most Carried 9 | 6 8 8 9 Average Carried 7 | 3 6 7 7 Final Capacity 15 | 8 8 8 15 Final Carried 9 | 6 8 8 9 Class Distribution -------------------- 77% | Mutant 22% | Scavenger-Mutant Dominant Class ---------------- Mutant | -10/Materials Mutant | -10/Mines Scavenger-Mutant | -9/Materials Resources | -11 -10 -10 -9 ----------- Run | Yrd Mat Min Mat Matter Collected 494 | 260 132 16 86 Remotely . | . . . . Salvage Created 358 | . 195 27 136 Parts 25 | . 14 3 8 Haulers Intercepted . | . . . . Recyclers Shooed . | . . . . Parts Field Recycled . | . . . . Retrieved Matter . | . . . . Parts Self-Destructed . | . . . . Prevented . | . . . . Parts Restored . | . . . . Kills | -11 -10 -10 -9 ------- Run | Yrd Mat Min Mat Combat Hostiles Destroyed 11 | . 5 2 4 Guns 9 | . 5 2 2 Cannons 2 | . . . 2 Classes Destroyed 6 | . 4 . 2 Worker 2 | . 2 . . Watcher 1 | . 1 . . Swarmer 6 | . 3 2 1 Grunt 3 | . 2 . 1 Brawler 1 | . . . 1 Sentry 1 | . . . 1 Best Kill Streak 4 | . 4 2 3 Combat Bots Only 3 | . 2 2 3 Max Kills in Single Turn 1 | . 1 1 1 Gunslinging . | . . . . Exploded . | . . . . Melee . | . . . . Uniques/NPCs Destroyed . | . . . . Combat | -11 -10 -10 -9 -------- Run | Yrd Mat Min Mat Hostile Shots Fired 119 | . 40 22 57 Missed 29 | . 17 4 8 Hits 90 | . 23 18 49 Melee 4 | . . . 4 Projectile 86 | . 23 18 45 Critical Strikes 1 | . . . 1 Damage Taken 958 | . 239 144 575 Core 141 | . 6 15 120 Absorbed by Shields . | . . . . Core Remaining (%) 95 | 100 . 91 . Volleys Fired 40 | . 21 5 14 Largest 2 | . 2 2 2 Hottest 200 | . 40 40 200 Shots Fired 77 | . 42 10 25 Gun 71 | . 42 10 19 Cannon . | . . . . Launcher . | . . . . Special 6 | . . . 6 Kinetic 71 | . 42 10 19 Thermal 6 | . . . 6 Explosive . | . . . . Electromagnetic . | . . . . Robot Hit Streak 6 | . 4 3 6 Robot Miss Streak 5 | . 5 2 3 Penetration Max . | . . . . Secondary Targets 1 | . 1 . . Max Gunslinging Chain 1 | . 1 . . Shots Hit Robots 41 | . 19 5 17 Core Hits 23 | . 13 2 8 Critical Kills 2 | . 2 . . Critical Parts Destroyed . | . . . . Critical Strikes 2 | . 2 . . Destroy 2 | . 2 . . Melee Attacks . | . . . . Impact . | . . . . Slashing . | . . . . Piercing . | . . . . Sneak Attacks . | . . . . Combat Hostiles . | . . . . Follow-up Attacks . | . . . . Damage Inflicted 525 | . 253 52 220 Guns 472 | . 252 52 168 Cannons . | . . . . Explosions . | . . . . Melee . | . . . . Ramming 5 | . 1 . 4 Kinetic 472 | . 252 52 168 Thermal 48 | . . . 48 Explosive . | . . . . Electromagnetic . | . . . . Impact . | . . . . Slashing . | . . . . Piercing . | . . . . Highest Corruption 4 | . . . 4 Average Corruption 3 | . . . 3 Corruption Purged . | . . . . Corruption Blocked . | . . . . Effects 9 | . . . 9 Message Errors 2 | . . . 2 Matter Fused 4 | . . . 4 Parts Rejected 1 | . . . 1 Parts Fused 1 | . . . 1 Data Loss (minor) 1 | . . . 1 Overload Shots . | . . . . Overflow Damage . | . . . . Projectiles . | . . . . Explosions . | . . . . Melee . | . . . . Knockbacks 1 | . . . 1 Impact 1 | . . . 1 Kinetic . | . . . . Secondary . | . . . . Self-Inflicted Damage 2 | . . . 2 Shots . | . . . . Rammed 2 | . . . 2 Targets Rammed 3 | . 1 . 2 Kicked 1 | . 1 . . Crushed . | . . . . Highest Temperature 17 | . 17 2 13 Average Temperature 4 | . 3 1 5 Received Heat Transfer 213 | . 75 . 138 Siege Activations . | . . . . Martial Activations . | . . . . Shielding Activations . | . . . . Robots Disrupted . | . . . . Combat Hostiles . | . . . . Robots Corrupted . | . . . . Combat Hostiles . | . . . . Parts Fried . | . . . . Impact Corruptions . | . . . . Robots Melted . | . . . . Combat Hostiles . | . . . . Parts Melted 1 | . . . 1 Heat Transferred 100 | . . . 100 Parts Sabotaged . | . . . . Parts Stolen . | . . . . Parts Stripped . | . . . . Power Chain Reactions . | . . . . Alert | -11 -10 -10 -9 ------- Run | Yrd Mat Min Mat Maximum Alert Level . | . . . . Low Security (%) 100 | 100 100 100 100 Level 1 . | . . . . Level 2 . | . . . . Level 3 . | . . . . Level 4 . | . . . . Level 5 . | . . . . High Security . | . . . . Max Security . | . . . . Peak Influence 87 | . 87 65 30 Initial 14 | . . 14 3 Average 12 | . 32 10 3 Influence Increases 308 | . 137 65 106 Destroy 0b10 Robot/C 220 | . 100 40 80 Destroy 0b10 Robot/NC 15 | . 15 . . Destroy Leader 52 | . 22 10 20 Successful Hack 5 | . . . 5 Destroy Structure 1 | . . . 1 Lose Combat Pursuer 15 | . . 15 . Influence Decreases 307 | . 100 91 116 Entered New Map 31 | . . 23 8 Time Decay 216 | . 100 68 48 Lost Part 60 | . . . 60 Squads Dispatched . | . . . . Investigation . | . . . . Extermination . | . . . . Reinforcement . | . . . . Assault . | . . . . Garrison . | . . . . Intercept . | . . . . Searches Triggered . | . . . . Construction Impeded . | . . . . Haulers Reinforced . | . . . . Active Scanning Responses . | . . . . Cargo Convoy Interrupts . | . . . . Stealth | -11 -10 -10 -9 --------- Run | Yrd Mat Min Mat Distress Signals 4 | . 2 . 2 Communications Jammed . | . . . . Distress Signals . | . . . . Times Spotted 23 | . 8 3 12 Peak Tracking Total 6 | . 5 3 6 Tactical Retreats 1 | . . 1 . Traps | -11 -10 -10 -9 ------- Run | Yrd Mat Min Mat Traps Triggered 1 | . 1 . . Indirectly . | . . . . Trap Hack Attempts . | . . . . Triggered . | . . . . Disarmed . | . . . . Reprogrammed . | . . . . Reused . | . . . . Traps Extracted . | . . . . Installed . | . . . . Triggered . | . . . . Most Traps Carried 2 | . . 2 2 Machines | -11 -10 -10 -9 ---------- Run | Yrd Mat Min Mat Machines Disabled . | . . . . Max in Single Turn . | . . . . Machines Repaired . | . . . . Machines Dismantled . | . . . . Machines Sabotaged . | . . . . Overloaded Fab Kills . | . . . . Hacking | -11 -10 -10 -9 --------- Run | Yrd Mat Min Mat Machines Accessed 4 | . 3 . 1 Terminals 2 | . 1 . 1 Fabricators . | . . . . Repair Stations 1 | . 1 . . Recycling Units 1 | . 1 . . Scanalyzers . | . . . . Garrison Access . | . . . . Total Hacks 12 | . 7 . 5 Successful 8 | . 6 . 2 Failed 4 | . 1 . 3 Catastrophic 1 | . . . 1 Database Lockouts . | . . . . Manual . | . . . . Terminals 8 | . 3 . 5 Fabricators . | . . . . Repair Stations 1 | . 1 . . Recycling Units 3 | . 3 . . Scanalyzers . | . . . . Garrison Access . | . . . . Terminal Hacks 4 | . 2 . 2 Prototype ID Bank 2 | . 1 . 1 Alert Level 2 | . 1 . 1 Fabricator Hacks . | . . . . Repair Station Hacks 1 | . 1 . . Refit 1 | . 1 . . Recycling Unit Hacks 3 | . 3 . . Recycle Component 1 | . 1 . . Process 1 | . 1 . . Report Inventory 1 | . 1 . . Scanalyzer . | . . . . Garrison Access Hacks . | . . . . Unauthorized Hacks . | . . . . Terminals . | . . . . Fabricators . | . . . . Repair Stations . | . . . . Recycling Units . | . . . . Scanalyzers . | . . . . Garrison Access . | . . . . Data Cores Recovered . | . . . . Used . | . . . . Hacking Detections 3 | . 2 . 1 Full Trace Events 2 | . 2 . . Feedback Events . | . . . . Feedback Blocked . | . . . . Robot Schematics Acquired . | . . . . Robots Built . | . . . . Authchips . | . . . . Time . | . . . . Total Robot Build Rating . | . . . . Part Schematics Acquired . | . . . . Parts Built . | . . . . Authchips . | . . . . Time . | . . . . Total Part Build Rating . | . . . . Part Studies Acquired . | . . . . Parts Repaired . | . . . . Time . | . . . . Parts Recycled 1 | . 1 . . Recycled Matter 11 | . 11 . . Retrieved Matter . | . . . . Retrieved Components . | . . . . Parts Scanalyzed . | . . . . Part Schematics Acquired . | . . . . Parts Damaged . | . . . . Bothacking | -11 -10 -10 -9 ------------ Run | Yrd Mat Min Mat Used RIF Installer . | . . . . Robots Hacked . | . . . . Non-combat . | . . . . Combat . | . . . . Robot Hacks Applied . | . . . . Relay Couplers Released . | . . . . Fabnet Peak Effective % . | . . . . Robots Rewired . | . . . . Allies Hacked . | . . . . Hacks Repelled . | . . . . Allies | -11 -10 -10 -9 -------- Run | Yrd Mat Min Mat Total Allies . | . . . . Largest Group . | . . . . Highest-Rated Group . | . . . . Highest-Rated Ally . | . . . . Total Orders . | . . . . Ally Attacks . | . . . . Total Damage . | . . . . Kills . | . . . . Allies Corrupted . | . . . . Allies Melted . | . . . . Intel | -11 -10 -10 -9 ------- Run | Yrd Mat Min Mat Active Infowar (turns) . | . . . . Robot Analysis Total . | . . . . Derelict Logs Recovered . | . . . . Drone Launches . | . . . . Drone Recoveries . | . . . . Exploration | -11 -10 -10 -9 ------------- Run | Yrd Mat Min Mat Turns Passed 1317 | 77 328 458 454 Spaces Moved 931 | 71 247 360 253 Core 12 | 5 . . 7 Treads 181 | . . . 181 Legs 520 | . 95 360 65 Wheels 218 | 66 152 . . Hover . | . . . . Flight . | . . . . Fastest Speed 50 | 50 90 120 120 Average Speed 121 | 88 101 120 151 Slowest Speed 300 | 100 190 120 300 Overloaded Moves . | . . . . Propulsion Burnouts . | . . . . Robots Hopped . | . . . . Potential Cave-ins . | . . . . Cave-ins Triggered . | . . . . Exploration Rate (%) 25 | 4 45 35 19 Regions Visited 3 Branch Regions 1 Pre-discovered Areas 1 | . . 1 . Known Exits Taken . | . . . . Unknown Exits Taken 3 | 1 1 1 . Scrap Searched . | . . . . Spaces Dug . | . . . . Terrain Destroyed 1 | . . . 1 Melee . | . . . . Projectile 1 | . . . 1 AOE . | . . . . Terrain Rammed . | . . . . Walls Destroyed . | . . . . Machines Disabled . | . . . . Actions | -11 -10 -10 -9 --------- Run | Yrd Mat Min Mat Total 1027 | 82 283 378 284 Wait 11 | . 3 8 . Move 928 | 70 246 359 253 Hop . | . . . . Pick Up 18 | 6 5 3 4 Fast Attach 12 | 6 2 . 4 Attach 5 | . . . 5 Detach . | . . . . Swap 5 | . 3 . 2 Drop 5 | . 2 3 . Fire 40 | . 21 5 14 Melee . | . . . . Ram 2 | . . . 2 Kick 1 | . 1 . . Crush . | . . . . Escape Stasis . | . . . . Rewire . | . . . . Trap . | . . . . Miscellaneous . | . . . . Route ------- -11/Scrapyard -10/Materials -10/Mines (discovered 2 exits: *Mat / [*Exi]) -9/Materials History --------- Turn | Location | Event 2 | -11/Scrapyard | Met Revision 17 25 | -11/Scrapyard | Discovered new exit (range 15) 78 | -11/Scrapyard | Entered Materials 325 | -10/Materials | Build established: Mutant 363 | -10/Materials | Discovered new exit (range 10) 406 | -10/Materials | Entered Mines 407 | -10/Mines | Learned location of Storage (-9) 434 | -10/Mines | Met a Derelict bent on vengeance 453 | -10/Mines | Deemed a non-threat by the Exiles lab entrance 453 | -10/Mines | Discovered new exit (range 5) 535 | -10/Mines | Discovered new exit (range 13) 706 | -10/Mines | Found a hidden stash of uninstalled traps 864 | -10/Mines | Entered Materials 864 | -9/Materials | Evolved 2 slots: Power x1, Propulsion x1 1008 | -9/Materials | Lost 6 parts (2p2n2w) 1318 | -9/Materials | Self-destructed Last Messages --------------- U-05 Engineer lays Concrete. K-01 Serf collects debris. System corrupted: Matter fused (-5). System corrupted: Matter fused (-7). Acquired Hvy. Hammer. System corrupted: Component data lost. Connecting with Terminal... >>Prototypes Downloading prototype IDs... Cld. Ion Engine Imp. Medium Laser >>Alert(Check) Current Alert Level: Low Security ZGPF8ZX9XPO,C/EBE> KSXSNS System corrupted: Lgt. Treads rejected. Acquired Lgt. Treads. W-16 Scout sends out distress signal. Lgt. Ion Engine melted. S-10 Pest destroyed. Mining Laser destroyed. Map ----- +----------------------------------------------------+ | "" #???????+ ??????# #??# ?? #? | | """ #???????# ?####?# #??# """ #? | | """ #???????# ?# ## #??# """"" #? | | """ #???????# ?# ## #### """"" #? | | "" #???????+ ?# ## # # """"" #? | | #???????# ?# ## # # """ #? | | #???????# #? ## + + #? | | #???????# #? ## # # #? | | #+####??????## ## ?######+#### ####+#####?? | | # #?????????# ##+######## ### #T# ##????? | | # #?????????# #????? | | # ##???###### T #????? | | ##### ## !!! !! ##### ##/#+####?? | | + ## !! !! #?### ## #?? | | ##### ## ! !! #?# ## #?? | | #####%## # #?#! !## #?? | | ! [ !## # #?##!! !### """ #?? | | % %## # ### #??######?# """ #?? | | " ## # #?# w#?????????# """ #?? | | """ ###+## #?# #?????????########?? | | """ + #?#rw #??????????????????? | | # ### #?# #??????????????????? | | !! ###+##+##?# #?## #??????????????????? | | !! # #??# #??# #??????????????????? | | ####### #??# #??# [ ##?????????????????? | | ??????# """ #??# #??# @s;#?????????????????? | | ??????# """ #??# #??# s##?????????????????? | | ??????# """ #??# #??# ?????????????????? | | ??????# #??# #??# ###????????????????? | | ??????########??? #?? #??????????????????? | | ????????????????? #?!!!!!!#??????????????????? | | ????????????????? ##!!!!!!#??????????????????? | | ????????????????? #########??????????????????? | | ????????????????? ???????????????????????????? | | ????????????????? ???????????????????????????? | | ????????????????? ???????????????????????????? | | ??????????????????????????????????????????????? | | ??????????????????????????????????????????????? | | ??????????????????????????????????????????????? | | ??????????????????????????????????????????????? | | ??????????????????????????????????????????????? | | ??????????????????????????????????????????????? | | ??????????????????????????????????????????????? | | ??????????????????????????????????????????????? | | ??????????????????????????????????????????????? | | ??????????????????????????????????????????????? | | ??????????????????????????????????????????????? | | ??????????????????????????????????????????????? | | ??????????????????????????????????????????????? | | ??????????????????????????????????????????????? | +----------------------------------------------------+ Best States ------------- Heat Dissipation 38 Energy Generation 15 Energy Capacity 400 Matter Stores 300 Matter Capacity 300 Sight Range 16 Terrain Scan Density 10 Armor Coverage 80 Evasion (%) 55 Recoil Reduction 3 Item Schematics ----------------- None Robot Schematics ------------------ None Fabricated ------------ Nothing Repaired ---------- Nothing Studied --------- None Alien Tech Used ----------------- None Achievements -------------- Fitting Room There's More Where That Came From You Again Challenges ------------ None Game ------ Seed RocketPartitionFocus Manual? 0 Play Time 00:17:33 Cumulative 15.0 hours Start 2026.03.25 @ 19:56:48 End 2026.03.25 @ 20:12:51 Sessions 1 Manual Loads 0 Difficulty Rogue Special Mode None Game No. 26 Rogue 26 Adventurer 0 Explorer 0 Win Type - Total 0 Types 0/0/0/0/0/0/0/0/0/0 Lore% 9 Gallery% 14 Achievement% 11 Wizard Run 0 Options --------- Layout 1 ASCII 1 Keyboard 1 Movement Arrows Keybinds 0 Fullscreen 1 Font 24/Smallcaps Map View 50x35 Zoom Use 0% Tactical HUD 0 Map Filters NONE Filters NONE Steam 1 RUN: 2bd55362-22c3-400d-82c6-bd65358bce7f